 Dungeon Sprint DCSS version 0.28-a0-697-g47f3eba078 (webtiles) character file.

Game seed: 12447878683824622816

3 tatocazan the Skirmisher (level 1, 0/18 HPs)
             Began as a Demonspawn Fighter on Oct 23, 2021.
             Slain by a scorpion (7 damage)
             ... in the Dungeon (Sprint III: "The Ten Rune Challenge").
             The game lasted 00:00:27 (78 turns).

tatocazan the Skirmisher (Demonspawn Fighter)         Turns: 78, Time: 00:00:28

Health: 0/18       AC:  6    Str: 16    XL:     1   Next: 41%
Magic:  1/1        EV:  9    Int:  9    God:
Gold:   0          SH:  4    Dex: 12    Spells: 0/0 levels left

rFire   . . .      SeeInvis .   a - +0 war axe
rCold   . . .      Faith    .   c - +0 buckler
rNeg    . . .      Spirit   .   b - +0 scale mail
rPois   .          Reflect  .   (no helmet)
rElec   .          Harm     .   (no cloak)
rCorr   .          Rampage  .   (no gloves)
Will    .....      NoTele   +   (no boots)
Stlth   ..........              (no amulet)
HPRegen 0.06/turn               (no ring)
MPRegen 0.07/turn               (no ring)

@: no status effects
A: no striking features
a: no special abilities


You were in the Dungeon.
You visited 1 branch

Inventory:

Hand Weapons
 a - a +0 war axe (weapon)
Armour
 b - a +0 scale mail (worn)
 c - a +0 buckler (worn)
Scrolls
 j - a scroll of blinking
Potions
 d - a potion of might
 e - a potion of curing
 f - a potion of heal wounds
 g - a potion of haste
 h - 2 potions of magic
 i - a potion of berserk rage


   Skills:
 + Level 3.3 Fighting
 * Level 2.3 Axes
 + Level 3.0 Armour
 + Level 3.0 Shields


You couldn't memorise any spells.
You didn't know any spells.
Your spell library was empty.

Dungeon Overview and Level Annotations

Branches:
Dungeon (1/1)

Altars:


Message History

The rat bites you.
You take 2 damage, and have 16/18 hp.
You hit the rat but do no damage. The rat bites you but does no damage.
You slash the rat!
You kill the rat!
Your Armour skill increases to level 3!
Your Shields skill increases to level 3!
No target in view!
No target in view!
No target in view!
No target in view!
HP restored.
You see here a rat corpse.
Key pressed, stopping explore.
A human comes into view.
The human shouts!
Health restored: 18 A human is nearby!
A scorpion comes into view.
Okay, then.
You closely miss the scorpion. The scorpion barely misses you.
You barely miss the scorpion. The scorpion stings you. x2
You take 3 damage, and have 15/18 hp.
You hit the scorpion but do no damage. The scorpion stings you.
You take 3 damage, and have 12/18 hp.
You barely miss the scorpion. The scorpion stings you.
You block the scorpion's attack.
You take 6 damage, and have 6/18 hp.
MASSIVE DAMAGE!!
You hit the scorpion.
The scorpion is moderately wounded.
The scorpion stings you but does no damage.
The scorpion closely misses you.
You slash the scorpion!
The scorpion is almost dead.
The scorpion barely misses you.
You completely miss the scorpion.
The scorpion is almost dead.
The scorpion stings you but does no damage.
The scorpion stings you!
You die...

▓...#......##
▓..##.......# .#
▓##.##.##...# .#
##.##.###..# ..#
▓#.####.##..# ...+
▓.###..##.†##
#...# ▓#.....##..#
#....#
###..##...##p....#
##..##...@#......#
#..###..##s#.....#
#(.# #.. ####....#
▓▓▓▓ ▓▓▓ ▓▓▓▓▓


You could see a scorpion.

Vanquished Creatures
  An endoplasm (D)
  3 rats (D)
4 creatures vanquished.

Notes
Turn   | Place    | Note
-------+----------+-------------------------------------------
     0 | D        | tatocazan the Demonspawn Fighter began the quest for the
                  | Orb.
     0 | D        | Reached XP level 1. HP: 18/18 MP: 1/1
    69 | D        | Noticed a scorpion
    78 | D        | Slain by a scorpion

Illustrated notes

Levels and vault maps discovered:
D:        dungeon_sprint_mu [sprint_mu_entry_cave, sprint_mu_temple_rooms,
          sprint_mu_d1_horrors, sprint_mu_d2_genie, sprint_mu_d3_branching,
          sprint_mu_orc_legion, sprint_mu_elf_gauntlet, sprint_mu_hive_nellie,
          sprint_mu_lair_fedhas, sprint_mu_vaults_butterflies,
          sprint_mu_slime_circle, sprint_mu_swamp_cave, sprint_mu_shoals_kraken,
          sprint_mu_blade_basic, sprint_mu_crypt_chambers,
          sprint_mu_tomb_spiral, sprint_mu_vestibule_basic,
          sprint_mu_gehenna_hellfire, sprint_mu_dis_giant,
          sprint_mu_tartarus_statrot, sprint_mu_cocytus_islands, sprint_mu_zot1]

Skill      XL: |  1 |
---------------+----+-----
Axes           | 2 |  2.3
Armour         | 3 |  3.0
Shields        | 3 |  3.0
Fighting       | |  3.3

Action                   || total
-------------------------++-------
Melee: War axe           ||    15
Armor: Scale mail        ||     5
Dodge: Dodged            ||     7
Block: Buckler           ||     1

Table legend: (Time is in decaauts)
 A = Elapsed time spent in this place.
 B = Non-inter-level travel time spent in this place.
 C = Inter-level travel time spent in this place.
 D = Time resting spent in this place.
 E = Time spent auto-exploring this place.
 F = Levels seen in this place.
 G = Mean time per level.
                   A        B        C        D        E       F      G
               +--------+--------+--------+--------+--------+-----+--------+
         Total |     83 |     83 |      0 |      0 |     50 |   1 |   83.0 |
       Dungeon |     83 |     83 |      0 |      0 |     50 |   1 |   83.0 |
               +--------+--------+--------+--------+--------+-----+--------+

Top non-repeatable levels by time:
       D: 83 daAuts
